 Dungeon Crawl Stone Soup version 0.25.1-2-g60ff931df9 (webtiles) character file.

Game seed: 588758321414043333

112 H0rd4k the Insei (level 4, -2/28 HPs)
             Began as an Octopode Transmuter on Aug 27, 2020.
             Slain by an orc
             ... wielding a cursed -3 short sword
              (4 damage)
             ... on level 3 of the Dungeon.
             The game lasted 00:02:28 (3951 turns).

H0rd4k the Insei (Octopode Transmuter)              Turns: 3951, Time: 00:02:31

Health: -2/28      AC:  0    Str:  9    XL:     4   Next: 95%
Magic:  8/8        EV: 15    Int: 16    God:
Gold:   122        SH:  0    Dex: 12    Spells: 2/8 levels left

rFire    . . .     SeeInvis .     - Unarmed
rCold    . . .     Gourm    .   (shield currently unavailable)
rNeg     . . .     Faith    .   (helmet currently unavailable)
rPois    .         Spirit   .   e - amulet of inaccuracy (curse)
rElec    .         Reflect  .   (ring currently unavailable)
rCorr    .         Harm     .   (ring currently unavailable)
MR       .....                  (ring currently unavailable)
Stlth    ++........             (ring currently unavailable)
HPRegen  0.09/turn              (ring currently unavailable)
MPRegen  0.11/turn              (ring currently unavailable)
                                (ring currently unavailable)
                                (ring currently unavailable)

@: pig-form, very quick
A: small, almost no armour, stealthy swim, (amphibious), (8 rings), (constrict
8)
a: no special abilities


You were on level 3 of the Dungeon.
You were very hungry.
You were a filthy swine.
You visited 1 branch of the dungeon, and saw 3 of its levels.

You collected 122 gold pieces.

Inventory:

Missiles
 a - 29 arrows
Jewellery
 d - a cursed -4 ring of dexterity {unknown}
 e - a cursed amulet of inaccuracy (around neck)
 i - a +4 ring of evasion {unknown}
 l - an uncursed ring of magical power {unknown}
Scrolls
 b - a scroll of enchant armour {unknown}
 f - 2 scrolls of remove curse {unknown}
 g - a scroll of enchant weapon {unknown}
 m - a scroll of immolation {unknown}
 n - a scroll of magic mapping {unknown}
 o - a scroll of identify {unknown}
Potions
 h - a potion of flight {unknown}
 j - a potion of brilliance {unknown}
 k - 2 potions of invisibility {unknown}
 p - a potion of curing {unknown}
Comestibles
 c - 4 rations


   Skills:
 + Level 1.3 Fighting
 + Level 2.4 Dodging
 + Level 2.2 Stealth
 + Level 3.8 Unarmed Combat
 * Level 2.7 Spellcasting
 * Level 2.6 Transmutations


You had 2 spell levels left.
You knew the following spells:

 Your Spells              Type           Power        Failure   Level  Hunger
a - Beastly Appendage     Tmut           ##....       7%          1    #......
b - Sticks to Snakes      Tmut           ##......     10%         2    ##.....
c - Spider Form           Tmut/Pois      #.........   32%         3    ###....

Your spell library contained the following spells:

 Spells                   Type           Power        Failure   Level  Hunger
 Ice Form                 Ice/Tmut       #.......     73%         4    #####..
 Blade Hands              Tmut           ##........   88%         5    ######.


Dungeon Overview and Level Annotations

Branches:
Dungeon (3/15)

Altars:
Makhleb
Vehumet
Zin


Innate Abilities, Weirdness & Mutations

You cannot wear most types of armour.
You are very stealthy in the water. (Stealth+)
((You are amphibious.))
((You can wear up to eight rings at the same time.))
((You can use your tentacles to constrict eight enemies at once.))
((Your skin changes colour to match your surroundings (Stealth+).))
((Your rubbery body absorbs attacks. (AC +1, EV +1)))


Message History

You tentacle-slap the orc.
You kill the orc!
The orc throws a silver javelin.
The silver javelin completely misses you.
The orc barely misses you.
You see here a +0 club.
You closely miss the orc. You grab the orc.
The orc is lightly wounded.
You constrict the orc, but do no damage.
The orc closely misses you. The orc hits you with a +0 dagger.
The orc zaps a wand.
You turn into a filthy swine.
You lose your grip on the orc.
You hit the bat.
The bat is heavily wounded.
The bat hits you.
The orc hits you from afar with a cursed +0 trident!
* * * LOW HITPOINT WARNING * * *
The orc barely misses you.
The orc hits you with a cursed -3 short sword.
You die... #. #.## # #... # #..# # #..# # ..# # ###.## #(ooo#

##.##h# #### ##..##.#
...########o.###b.#
.>.##...(.oo## ##..# #.
............######... ##.
...##.........o.o.(..# #..
#####.........o.####..#######.###
#.......###.................#
####.##... .####(............


You could see 3 orcs and a bat.

Vanquished Creatures
  A hound (D:3)
  An adder (D:3)
  An ooze (D:3)
  A worm (D:2)
  A dart slug (D:2)
  2 leopard geckos
  2 orcs (D:3)
  A ball python (D:1)
  10 bats
  A giant cockroach (D:2)
  8 goblins
  8 hobgoblins
  6 jackals
  5 frilled lizards
  5 kobolds (D:1)
  4 rats
57 creatures vanquished.

Notes
Turn   | Place    | Note
-------+----------+-------------------------------------------
     0 | D:1      | H0rd4k the Octopode Transmuter began the quest for the Orb.
     0 | D:1      | Reached XP level 1. HP: 13/13 MP: 3/3
    75 | D:1      | Reached XP level 2. HP: 5/18 MP: 5/5
   806 | D:1      | Reached XP level 3. HP: 14/23 MP: 6/6
  1276 | D:1      | Learned a level 2 spell: Sticks to Snakes
  1280 | D:1      | Learned a level 3 spell: Spider Form
  1517 | D:2      | Reached skill level 1 in Stealth
  2641 | D:2      | Found a radiant altar of Vehumet.
  2798 | D:2      | Found a glowing silver altar of Zin.
  3077 | D:3      | Reached XP level 4. HP: 15/28 MP: 7/7
  3386 | D:3      | Found a burning altar of Makhleb.
  3951 | D:3      | Slain by an orc

Illustrated notes

Levels and vault maps discovered:
D:1:      dpeg_arrival_signposts, layout_basic
D:2:      layout_basic, lemuel_doored_altar, overflow_temple_1_default
D:3:      layout_rooms, makhleb_heckhound_becter, uniq_purgy

Skill      XL: |  1  2  3  4 |
---------------+-------------+-----
Stealth        | 1 2 |  2.2
Fighting       | |  1.3
Dodging        | |  2.4
Unarmed Combat | |  3.8
Spellcasting   | |  2.7
Transmutations | |  2.6

Action                   |  1- 3 |  4- 6 || total
-------------------------+-------+-------++-------
Melee: Unarmed           |   161 |    54 ||   215
       Constrict         |    30 |    10 ||    40
       Tentacles         |    14 |     4 ||    18
       Punch             |     2 |     1 ||     3
 Cast: Beastly Appendage |     1 |       ||     1
 Stab: Sleeping          |    12 |     2 ||    14
  Eat: Chunk             |     7 |     1 ||     8
Armor: Skin              |    32 |     6 ||    38
Dodge: Dodged            |   142 |    35 ||   177
